 Dungeon Crawl Stone Soup version 0.18.1-2-ga659475 (webtiles) character file.

3392 Helmschank the Grappler (level 9, -10/85 HPs)
             Began as a White Draconian Transmuter on May 7, 2016.
             Was a Follower of Sif Muna.
             Mangled by a five-headed hydra (14 damage)
             ... on level 8 of the Dungeon.
             The game lasted 00:50:01 (9029 turns).

Helmschank the Grappler (DrTm)                      Turns: 9029, Time: 00:50:02

Health: -10/85     AC:  6    Str: 13    XL:     9   Next: 75%
Magic:  10/12      EV: 11    Int: 16    God:    Sif Muna [*.....]
Gold:   393        SH:  0    Dex: 12    Spells: 4 memorised, 2 levels left

rFire  x . .     SeeInvis .       - Unarmed
rCold  + + +     Gourm    .     (armour unavailable)
rNeg   . . .     Faith    .     (shield currently unavailable)
rPois  +         Spirit   .     (helmet currently unavailable)
rElec  .         Dismiss  .     (cloak currently unavailable)
rCorr  +         Reflect  .     (gloves currently unavailable)
SustAt .         Harm     .     (boots currently unavailable)
MR     +....                    k - amulet of magic regeneration
Stlth  +.........               w - ring of protection from magic
                                e - ring of resist corrosion

@: ice-form, somewhat resistant to hostile enchantments, very unstealthy
A: (breathe frost), unfitting armour, (cold resistance 0), (cold-blooded), AC +7
a: End Transformation, Channel Energy, Renounce Religion


You were on level 8 of the Dungeon.
You worshipped Sif Muna.
Sif Muna was aware of your devotion.
You were not hungry.
You were a creature of crystalline ice.
You visited 2 branches of the dungeon, and saw 9 of its levels.

You collected 393 gold pieces.

Inventory:

Hand Weapons
 b - a +1 blowgun
Missiles
 a - 151 arrows
 p - 30 poisoned needles
 R - 223 stones (quivered)
Armour
 y - a +2 hat (melded)
Rods
 r - a +1 rod of inaccuracy (9/9)
   (You found it on level 7 of the Dungeon)
Jewellery
 e - a ring of resist corrosion (left front paw)
 i - an uncursed amulet of faith
 k - an amulet of magic regeneration (around neck)
 w - a ring of protection from magic (right front paw)
 z - a +2 ring of dexterity
Wands
 g - a wand of random effects (48/48)
Scrolls
 q - 4 scrolls of identify
 s - a scroll of fog
 t - a scroll of teleportation
 A - a scroll of enchant weapon
 C - a scroll of magic mapping
 D - a scroll of vulnerability {unknown}
 F - a scroll of remove curse
 I - a scroll of fear
Potions
 f - 3 potions of heal wounds
 h - 2 potions of brilliance
 l - 2 potions of berserk rage
 m - 2 potions of might
 n - a potion of haste {unknown}
 v - 3 potions of curing
 B - 2 potions of ambrosia {unknown}
 G - 2 potions of degeneration {unknown}
 H - a potion of mutation {unknown}
Books
 o - a book of Changes

   Spells                             Type                      Level
   a - Beastly Appendage              Transmutation                1
   b - Sticks to Snakes               Transmutation                2
   c - Spider Form                    Transmutation/Poison         3
   d - Ice Form                       Ice/Transmutation            4
   e - Blade Hands                    Transmutation                5
Comestibles
 c - 6 bread rations
 d - 10 beef jerkies
 j - a royal jelly
 u - 5 fruits
 x - 3 meat rations
 E - a chunk of flesh


   Skills:
 - Level 4.1 Fighting
 + Level 3.8 Dodging
 * Level 10.1 Unarmed Combat
 - Level 2.0 Spellcasting
 - Level 6.4 Transmutations
 + Level 4.5 Ice Magic
 + Level 3.9 Poison Magic


You had 2 spell levels left.
You knew the following spells:

 Your Spells              Type           Power        Failure   Level  Hunger
a - Spider Form           Trmt/Pois      ###.......   10%         3    ###....
q - Sticks to Snakes      Trmt           ###.....     2%          2    ###....
s - Ice Form              Ice/Trmt       ###.....     28%         4    #####..
z - Beastly Appendage     Trmt           ###...       1%          1    #......


Dungeon Overview and Level Annotations

Branches:
Dungeon (8/15)             Temple (1/1) D:6
   Lair: D:8-11

Altars:
Cheibriados
Elyvilon
Gozag
Kikubaaqudgha
Makhleb
Nemelex Xobeh
Okawaru
Pakellas
Qazlal
Ru
Sif Muna
Trog
Vehumet
Xom
Zin
The Shining One


Innate Abilities, Weirdness & Mutations

((You can breathe waves of freezing cold.))
((You can buffet flying creatures when you breathe cold.))
((Your icy white scales are hard (AC +7).))
Your body does not fit into most forms of armour.
((Your flesh is cold resistant.))
((You are cold-blooded and may be slowed by cold attacks.))


Message History

You punch the five-headed hydra!
The five-headed hydra seems to slow down.
You freeze the five-headed hydra.
The five-headed hydra is moderately wounded.
The five-headed hydra bites you.
The five-headed hydra barely misses you.
The five-headed hydra misses you. x2; The five-headed hydra bites you!
You take 16 damage, and have 40/85 hp.
You hit the five-headed hydra. You freeze the five-headed hydra.
The five-headed hydra is moderately wounded.
You punch the five-headed hydra!
The five-headed hydra seems to slow down.
You freeze the five-headed hydra.
The five-headed hydra is heavily wounded.
The five-headed hydra bites you. The five-headed hydra bites you! x2
* * * LOW HITPOINT WARNING * * *
The five-headed hydra bites you!
* * * LOW HITPOINT WARNING * * *
The five-headed hydra bites you!
You die...

..#...#.....#
...._.......# #.#
..#...#.....# #.#
.###.###....# #.#
..#...#..# ...
......... #(#
.##...## #.#
.....## ### #D#
##..## ##.####Y#
##..######.......#
......[.....#.####
##########.#.##
##.## ###


You could see a five-headed hydra.

Vanquished Creatures
  Erica (D:8)
  A phantom (D:7)
  5 ogres
  2 sky beasts
  5 centaurs
  A giant frog (D:8)
  A big kobold (D:8)
  A gnoll sergeant (D:7)
  3 killer bees (D:8)
  5 crimson imps
  2 giant frog zombies
  5 orc priests
  3 hounds
  2 orc wizards
  A giant frog skeleton (D:4)
  2 jellies
  An iguana (D:5)
  9 worker ants
  7 adders
  11 gnolls
  3 shadow imps
  An ooze (D:1)
  3 worms
  4 dart slugs
  6 giant geckos
  16 orcs
  4 bat skeletons (D:4)
  2 bat zombies (D:4)
  6 giant cockroaches
  6 goblins
  5 hobgoblins
  15 jackals
  4 quokkas
  2 ball pythons
  10 bats
  7 giant newts
  15 kobolds
  A quokka zombie (D:4)
  13 rats
191 creatures vanquished.

Vanquished Creatures (collateral kills)
  Sigmund (D:2)
1 creature vanquished.

Grand Total: 192 creatures vanquished

Notes
Turn   | Place    | Note
--------------------------------------------------------------
     0 | D:1      | Helmschank the Draconian Transmuter began the quest for the Orb.
     0 | D:1      | Reached XP level 1. HP: 16/16 MP: 3/3
   121 | D:1      | Reached XP level 2. HP: 23/23 MP: 3/5
   506 | D:1      | Reached XP level 3. HP: 14/28 MP: 3/6
   879 | D:1      | Learned a level 2 spell: Sticks to Snakes
   883 | D:1      | Learned a level 3 spell: Spider Form
  1282 | D:1      | Reached skill level 4 in Unarmed Combat
  1391 | D:2      | Noticed Sigmund
  1410 | D:2      | Killed Sigmund
  1410 | D:2      | Reached skill level 5 in Unarmed Combat
  1410 | D:2      | Reached skill level 1 in Poison Magic
  1410 | D:2      | Reached XP level 4. HP: 21/35 MP: 0/7
  1410 | D:2      | Reached XP level 5. HP: 24/40 MP: 0/8
  1598 | D:2      | Found an opulent altar of Gozag.
  2416 | D:2      | Found an oddly glowing altar of Pakellas.
  2529 | D:3      | Reached XP level 6. HP: 47/47 MP: 6/9
  3104 | D:3      | Reached skill level 6 in Unarmed Combat
  3655 | D:3      | Your scales start taking on an icy white colour.
  3655 | D:3      | Reached XP level 7. HP: 52/52 MP: 3/10
  3655 | D:3      | Gained mutation: Your flesh is cold resistant. [White Draconian growth]
  4021 | D:4      | Learned a level 4 spell: Ice Form
  4232 | D:4      | Found a glowing golden altar of the Shining One.
  4276 | D:4      | Found a sparkling altar of Nemelex Xobeh.
  4423 | D:4      | Reached skill level 1 in Ice Magic
  4508 | D:4      | Found an ancient bone altar of Kikubaaqudgha.
  4728 | D:5      | Entered Level 5 of the Dungeon
  4976 | D:5      | Reached skill level 7 in Unarmed Combat
  4976 | D:5      | Reached skill level 5 in Transmutations
  5333 | D:5      | Reached XP level 8. HP: 54/62 MP: 11/11
  5467 | D:5      | Found a white marble altar of Elyvilon.
  5903 | D:5      | Reached skill level 8 in Unarmed Combat
  6745 | D:6      | Found a staircase to the Ecumenical Temple.
  6754 | Temple   | Entered the Ecumenical Temple
  6804 | Temple   | Became a worshipper of Sif Muna the Loreminder
  7369 | D:7      | Identified a +1 rod of inaccuracy (9/9) (You found it on level 7 of the Dungeon)
  7565 | D:7      | Reached skill level 9 in Unarmed Combat
  7566 | D:7      | Found an iron altar of Okawaru.
  7665 | D:7      | Reached XP level 9. HP: 68/71 MP: 9/12
  8440 | D:8      | Noticed Erica
  8484 | D:8      | Killed Erica
  8484 | D:8      | Reached * piety under Sif Muna
  8491 | D:8      | HP: 3/71 [sky beast (6)]
  8740 | D:7      | Reached skill level 10 in Unarmed Combat
  8968 | D:8      | Found a radiant altar of Vehumet.
  9023 | D:8      | Noticed a five-headed hydra
  9029 | D:8      | HP: 4/85 [five-headed hydra (13)]
  9029 | D:8      | Mangled by a five-headed hydra

Skill      XL: |  1  2  3  4  5  6  7  8  9 |
---------------+----------------------------+-----
Dodging        | 2 3 |  3.8
Unarmed Combat | 5 6 7 9 10 | 10.1
Transmutations | 3 4 5 6 |  6.4
Poison Magic   | 1 2 3 |  3.9
Ice Magic      | 2 4 |  4.5
Fighting       | 2 4 |  4.1
Spellcasting   | |  2.0

Action                   |  1- 3 |  4- 6 |  7- 9 || total
-------------------------+-------+-------+-------++-------
Melee: Unarmed           |   118 |   212 |   356 ||   686
       Kick              |     9 |     6 |    22 ||    37
       Tailslap          |     7 |    13 |    24 ||    44
       Headbutt          |     1 |     6 |    21 ||    28
       Punch             |     2 |     1 |    11 ||    14
Throw: Stone             |     9 |    11 |     9 ||    29
 Cast: Beastly Appendage |    11 |    16 |    33 ||    60
       Sticks to Snakes  |     3 |       |     1 ||     4
       Spider Form       |       |     8 |    13 ||    21
       Ice Form          |       |       |     2 ||     2
 Abil: Breathe Frost     |       |       |     7 ||     7
  Use: Scroll            |       |       |    16 ||    16
       Potion            |       |       |     4 ||     4
 Stab: Sleeping          |     1 |     1 |       ||     2
  Eat: Chunk             |     2 |     9 |    20 ||    31
       Pizza             |       |       |     1 ||     1
Armor: Skin              |    29 |    49 |   108 ||   186
Dodge: Dodged            |    62 |   128 |   211 ||   401
